 Dungeon Crawl Stone Soup version bcrawl-1.28.1b (webtiles) character file.

Game seed: 7193264192921326678

94015 KristoblXynda the Charmwright (level 3, 0/29 HPs)
             Began as a Draconian Skald on Dec 14, 2020.
             Slain by an ogre
             ... wielding a +0 giant club
              (20 damage)
             ... on level 3 of the Dungeon.
             The game lasted 00:02:49 (2152 turns).

KristoblXynda the Charmwright (Draconian Skald)     Turns: 2152, Time: 00:02:49

Health: 0/29       AC:  5    Str: 13    XL:     3   Next: 66%
Magic:  2/6        EV: 12    Int: 14    God:
Gold:   275        SH:  0    Dex: 10    Spells: 5/6 levels left

rFire    . . .     SeeInvis .   a - +0 long sword
rCold    . . .     Gourm    .   (no shield)
rNeg     + . .     Faith    .   (armour unavailable)
rPois    .         Spirit   .   (helmet restricted)
rElec    .         Reflect  .   (no cloak)
rCorr    .         Harm     .   (no gloves)
MR       .....                  (no boots)
Stlth    +.........             (no amulet)
HPRegen  0.09/turn              i - ring of positive energy
MPRegen  0.10/turn              (no ring)

@: infused, very slightly contaminated
A: unfitting armour, cold-blooded, AC +5
a: no special abilities


You were on level 3 of the Dungeon.
You were hungry.

You visited 1 branch of the dungeon, and saw 3 of its levels.

You collected 275 gold pieces.

Inventory:

Hand Weapons
 a - a +0 long sword (weapon)
Jewellery
 i - a ring of positive energy (left hand)
Scrolls
 c - 4 scrolls of fear
 d - 2 scrolls of amnesia {unknown}
 f - a scroll of enchant weapon {unknown}
 h - 2 scrolls of magic mapping {unknown}
 j - 2 scrolls of remove curse {unknown}
 l - a scroll of teleportation {unknown}
 m - a scroll of enchant armour {unknown}
 n - a scroll of identify
 o - a scroll of fog {unknown}
Potions
 b - 3 potions of curing {unknown}
 g - a potion of mutation {unknown}
 k - 3 potions of flight {unknown}
 p - 2 potions of brilliance {unknown}
Comestibles
 e - 6 rations {!d}


   Skills:
 - Level 2.1 Fighting
 + Level 2.8 Long Blades
 + Level 2.8 Dodging
 - Level 2.0 Spellcasting
 + Level 3.3 Charms


You had 5 spell levels left.
You knew the following spells:

 Your Spells              Type           Power        Failure   Level  Hunger
a - Infusion              Chrm           ##......     6%          1    None

Your spell library contained the following spells:

 Spells                   Type           Power        Failure   Level  Hunger
 Song of Slaying          Chrm           ##......     10%         2    ##.....
 Ozocubu's Armour         Chrm/Ice       #.......     36%         3    ####...
 Regeneration             Chrm/Necr      #.........   36%         3    ####...
 Spectral Weapon          Hex/Chrm       #.......     36%         3    ####...


Dungeon Overview and Level Annotations

Branches:
Dungeon (3/12)

Altars:
Dithmenos


Innate Abilities, Weirdness & Mutations

Your plain brown scales are hard. (AC +5)
You cannot fit into any form of body armour.
You are cold-blooded and may be slowed by cold attacks.


Message History

Casting: Infusion (safe; 6% risk of failure)
Confirm with . or Enter, or press ? or * to list all spells.
You miscast Infusion.
You are very lightly contaminated with residual magic.
Nothing appears to happen.
The jackal bites you but does no damage.
You slash the jackal!
You kill the jackal!
Casting: Infusion (safe; 6% risk of failure)
Confirm with . or Enter, or press ? or * to list all spells.
You begin infusing your attacks with magical energy.
The ogre closely misses you.
You slash the ogre!
The ogre is heavily wounded.
The ogre hits you with a +0 giant club!
You slash the ogre!
The ogre is severely wounded.
The ogre hits you with a +0 giant club!!
Ouch! That really hurt!
You die...

≈≈≈≈≈≈≈≈≈≈# #.....#....
≈≈≈≈≈≈≈≈≈.# #..#...#.##
≈≈≈≈≈≈≈≈.≈# ##...#.(#.#
≈≈≈..≈≈≈≈.#####.......#.
≈≈....≈≈.≈O............#
..........hK.....#.#####
######K######....(....#
#O# ##.......#. #@#
#.K.#.†#.# #.#
#.#..)#.## #.#
#....#.... #### #.#
#......### #...######.#
#..#.....# #..........#
#.....#.#. #..........#
..##...#..#.#
##..........#
.........#..##
#...........#
...##.........


You could see an ogre and a kobold.

Vanquished Creatures
  A worm (D:2)
  4 leopard geckos
  An orc (D:2)
  3 bats
  3 giant cockroaches
  4 goblins
  8 hobgoblins
  3 jackals (D:3)
  7 kobolds
  3 frilled lizards
  5 rats
  A fungus (D:1)
43 creatures vanquished.

Vanquished Creatures (others)
  2 toadstools (D:1)
2 creatures vanquished.

Grand Total: 45 creatures vanquished

Notes
Turn   | Place    | Note
-------+----------+-------------------------------------------
     0 | D:1      | KristoblXynda the Draconian Skald began the quest for the
                  | Orb.
     0 | D:1      | Reached XP level 1. HP: 17/17 MP: 3/3
   146 | D:1      | Reached XP level 2. HP: 16/24 MP: 5/5
   280 | D:1      | Reached skill level 3 in Charms
   861 | D:2      | Found a shadowy altar of Dithmenos.
   982 | D:2      | Reached XP level 3. HP: 27/29 MP: 6/6
  2034 | D:3      | Found a faded altar of an unknown god.
  2119 | D:3      | Noticed an ogre
  2152 | D:3      | Slain by an ogre

Skill      XL: |  1  2 |
---------------+-------+-----
Charms         | 3 |  3.3
Fighting       | |  2.1
Long Blades    | |  2.8
Dodging        | |  2.8
Spellcasting   | |  2.0

Action                   || total
-------------------------++-------
Melee: Long sword        ||   166
       Tailslap          ||    11
 Cast: Infusion          ||     1
  Eat: Chunk             ||     8
Armor: Skin              ||    64
Dodge: Dodged            ||   134
